 Dungeon Crawl Stone Soup version 0.30-a0-142-g7370640ec8 (webtiles) character file.

Game seed: 2547512540109153981

64 qw the Chopper (level 4, -3/28 HPs)
             Began as a Gargoyle Fighter on Sept 26, 2022.
             Slain by a gnoll
             ... wielding a +0 halberd
              (8 damage)
             ... on level 2 of the Dungeon.
             The game lasted 00:00:39 (1676 turns).

qw the Chopper (Gargoyle Fighter)                   Turns: 1676, Time: 00:00:39

Health: -3/28      AC: 11    Str: 20 (21) XL:     4   Next: 12%
Magic:  4/4        EV:  9    Int:  9      God:
Gold:   73         SH:  4    Dex:  8 (9)  Spells: 3/3 levels left

rFire   . . .      SeeInvis .    Y - +0 war axe
rCold   . . .      Faith    .    c - +0 buckler
rNeg    + . .      Spirit   .    b - +0 scale mail
rPois   inf        Reflect  .    (no helmet)
rElec   +          Harm     .    k - +0 cloak {Stlth+}
rCorr   .          Rampage  .    (no gloves)
Will    .....                    (no boots)
Stlth   +.........               (no amulet)
HPRegen 0.09/turn                (no ring)
MPRegen 0.09/turn                (no ring)

@: about to teleport
A: sickness immunity, AC +3, negative energy resistance 1, electricity
resistance, torment resistance 1, petrification resistance
a: no special abilities


You were on level 2 of the Dungeon.
You visited 1 branch of the dungeon, and saw 2 of its levels.

You collected 73 gold pieces.


Innate Abilities, Weirdness & Mutations

You are immune to sickness and miasma.
Your stone body is resilient. (AC +3)
You are immune to poison.
You resist negative energy. (rN+)
You are resistant to electric shocks. (rElec)
You are resistant to unholy torment.
You are immune to petrification.


   Skills:
 - Level 3.2 Fighting
 + Level 3.9 Axes
 - Level 3.2 Armour
 - Level 3.2 Shields


You had 3 spell levels left.
You didn't know any spells.
Your spell library was empty.

Inventory:

Hand Weapons
 f - a +0 morningstar
 Y - a +0 war axe (weapon)
Armour
 b - a +0 scale mail (worn)
 c - a +0 buckler (worn)
 k - a +0 cloak of stealth (worn)
Scrolls
 e - a scroll of summoning {unknown}
 g - a scroll of teleportation
Potions
 a - a potion of flight {unknown}
 d - a potion of might
 m - a potion of attraction {unknown}

Dungeon Overview and Level Annotations

Branches:
Dungeon (2/15)

Altars:


Message History

The goblin is moderately wounded.
You block the goblin's attack.
You slash the goblin!
You kill the goblin!
You see here a +0 dagger.
Found a potion of berserk rage.
A jackal comes into view.
The jackal barks!
A gnoll comes into view. It is wielding a +0 halberd.
1657 ||| Stepping ~*~*~tactically~*~*~ (stealth).
You barely miss the jackal.
The gnoll shouts!
You hit the bush but do no damage. The jackal closely misses you.
The gnoll hits you from afar with a +0 halberd.
The jackal barely misses you.
You slash the jackal!
You kill the jackal!
You hit the bush but do no damage. The gnoll barely misses you.
The gnoll hits you from afar with a +0 halberd.
The gnoll barely misses you. The gnoll barely misses you.
The gnoll hits you from afar with a +0 halberd.
The gnoll hits you but does no damage.
The gnoll hits you from afar with a +0 halberd.
The gnoll closely misses you. The gnoll closely misses you.
The gnoll hits you but does no damage.
The gnoll hits you from afar with a +0 halberd.
The gnoll hits you from afar with a +0 halberd.
The gnoll closely misses you.
The gnoll hits you from afar with a +0 halberd.
The gnoll hits you but does no damage.
The gnoll hits you from afar with a +0 halberd.
1676 ||| READING 2 scrolls of teleportation.
As you read the scroll of teleportation, it crumbles to dust.
You feel strangely unstable.
The gnoll hits you from afar with a +0 halberd!
You die...

#.#
#........
#)#
########.
#.# #.
#.# #.
#.# #.
####.# ##
#....# #
#...##
########
#..@#
........
#..P#
########
#...g.g.#
#
##.P#'#'#
# #..#!#
#..# #
####


You could see a gnoll.

Vanquished Creatures
  2 adders (D:2)
  A worm (D:2)
  2 dart slugs (D:2)
  3 bats (D:2)
  2 endoplasms
  A giant cockroach (D:1)
  7 goblins
  5 hobgoblins
  3 jackals
  A quokka (D:2)
  A ball python (D:2)
  2 kobolds
  5 rats (D:2)
35 creatures vanquished.

Notes
Turn   | Place    | Note
-------+----------+-------------------------------------------
     0 | D:1      | qw the Gargoyle Fighter began the quest for the Orb.
     0 | D:1      | Reached XP level 1. HP: 14/14 MP: 1/1
     0 | D:1      | 0 ||| qw: Version: 0.2-a-10-g399e6c4
     0 | D:1      | 0 ||| qw: Game counter: 453
     0 | D:1      | 0 ||| qw: Always use a shield: true
     0 | D:1      | 0 ||| qw: God list: Okawaru
     0 | D:1      | 0 ||| qw: Allow faded altars: false
     0 | D:1      | 0 ||| qw: Do Orc after D:15 true
     0 | D:1      | 0 ||| qw: Do second Lair branch before Depths: true
     0 | D:1      | 0 ||| qw: Lair rune preference: random
     0 | D:1      | 0 ||| qw: Plans: Normal, Zot:1-4, God:TSO, Crypt, Tomb,
                  | Pan, Slime:5, Hells, Abyss, Orb
     0 | D:1      | 0 ||| PLANNING D:1-11
   319 | D:1      | Reached XP level 2. HP: 19/19 MP: 2/2
   346 | D:1      | Found a faded altar of an unknown god.
   716 | D:1      | 716 ||| UPGRADING to +0 cloak of stealth.
   721 | D:1      | 721 ||| READING scroll labelled GAEHUDEFRU.
   722 | D:1      | 722 ||| READING scroll labelled ADOAMU ODWOPLU.
   725 | D:1      | 725 ||| READING scroll labelled SUQOULYNTYIL.
   726 | D:1      | 726 ||| READING scroll labelled OTOIJA TOZUNKO.
   727 | D:1      | 727 ||| READING scroll labelled KOTUM JYEXTAU.
   728 | D:1      | 728 ||| READING scroll labelled CUFEK MIOCWUNU.
   729 | D:1      | 729 ||| DRINKING 2 emerald potions.
   730 | D:1      | 730 ||| DRINKING 2 black potions.
   834 | D:1      | 834 ||| DROPPING potion of degeneration.
   835 | D:1      | 835 ||| DROPPING potion of berserk rage.
   928 | D:2      | Reached skill level 3 in Axes
   928 | D:2      | Reached XP level 3. HP: 23/23 MP: 3/3
   971 | D:2      | 971 ||| Stepping ~*~*~tactically~*~*~ (hiding).
  1343 | D:2      | 1343 ||| Stepping ~*~*~tactically~*~*~ (hiding).
  1358 | D:2      | Reached XP level 4. HP: 25/28 MP: 4/4
  1657 | D:2      | 1657 ||| Stepping ~*~*~tactically~*~*~ (stealth).
  1675 | D:2      | HP: 5/28 [gnoll/+0 halberd (5)]
  1676 | D:2      | 1676 ||| READING 2 scrolls of teleportation.
  1676 | D:2      | Slain by a gnoll

Levels and vault maps discovered:
D:1:      amcnicky_arrival_underground_garden, layout_rooms,
          hellmonk_ecumenical_altar_zigzags, minmay_unequal
D:2:      wander_river, layout_loops_ring, cheibrodos_gnoll_hut

Skill      XL: |  1  2 |
---------------+-------+-----
Axes           | 2 3 |  3.9
Fighting       | |  3.2
Armour         | |  3.2
Shields        | |  3.2

Action                   |  1- 3 |  4- 6 || total
-------------------------+-------+-------++-------
Melee: War axe           |   108 |    11 ||   119
  Use: Scroll            |     6 |     1 ||     7
       Potion            |     2 |       ||     2
Armor: Scale mail        |    50 |     8 ||    58
Dodge: Dodged            |    45 |     9 ||    54
Block: Buckler           |    21 |     1 ||    22

Table legend:
 A = Non-vault XP
 B = Vault XP
 C = Vault XP percentage of total XP
 D = Non-vault monster count
 E = Vault monster count
 F = Vault count percentage of total count
                 A         B        C        D         E       F
            +---------+---------+-------+---------+---------+-------
      Total |      88 |       4 |   4.3 |      33 |       2 |   5.7
            +---------+---------+-------+---------+---------+-------
        D:1 |      17 |       2 |  10.5 |       9 |       1 |  10.0
        D:2 |      71 |       2 |   2.7 |      24 |       1 |   4.0
            +---------+---------+-------+---------+---------+-------
